 Dungeon Crawl Stone Soup version 0.27.0-1-g7a089689b8 (webtiles) character file.

Game seed: 10996101300182251524

22 sanka the Ducker (level 2, -3/19 HPs)
             Began as a Merfolk Necromancer on Aug 7, 2021.
             Slain by an adder (4 damage)
             ... on level 1 of the Dungeon.
             The game lasted 00:01:51 (1309 turns).

sanka the Ducker (Merfolk Necromancer)              Turns: 1309, Time: 00:01:51

Health: -3/19      AC:  3    Str:  8    XL:     2   Next: 91%
Magic:  1/5        EV: 13    Int: 14    God:
Gold:   52         SH:  0    Dex: 14    Spells: 4/5 levels left

rFire    . . .     SeeInvis .   e - +0 club
rCold    . . .     Faith    .   (no shield)
rNeg     . . .     Spirit   .   a - +0 robe
rPois    .         Reflect  .   (no helmet)
rElec    .         Harm     .   (no cloak)
rCorr    .         Rampage  .   g - +0 pair of gloves
Will     .....                  (no boots)
Stlth    ++........             (no amulet)
HPRegen  0.06/turn              (no ring)
MPRegen  0.09/turn              (no ring)

@: lethally poisoned (-3 -> -6)
A: (nimble swimmer 2), mertail
a: no special abilities


You were on level 1 of the Dungeon.
You visited 1 branch of the dungeon, and saw 2 of its levels.

You collected 52 gold pieces.


Innate Abilities, Weirdness & Mutations

((You are quick and stealthy near water. (Stealth+, EV+, Speed+++)))
Your lower body shifts to a powerful aquatic tail in water.


   Skills:
 + Level 4.4 Dodging
 - Level 2.1 Stealth
 - Level 2.0 Spellcasting
 - Level 3.2 Necromancy


You had 4 spell levels left.
You knew the following spells:

 Your Spells              Type           Power      Damage    Failure   Level
z - Pain                  Necr           40%        1d6       6%          1

Your spell library contained the following spells:

 Spells                   Type           Power      Damage    Failure   Level
 Animate Skeleton         Necr           20%        N/A       6%          1
 Vampiric Draining        Necr           5%         2d6       19%         3
 Animate Dead             Necr           5%         N/A       52%         4
 Agony                    Necr           10%        N/A       86%         5

Inventory:

Hand Weapons
 e - a +0 club (weapon)
Armour
 a - a +0 robe (worn)
 g - a +0 pair of gloves (worn)
Scrolls
 b - 2 scrolls of identify {unknown}
 d - 3 scrolls of torment {unknown}
 f - a scroll of fear {unknown}
 i - a scroll of enchant armour {unknown}
Potions
 c - a potion of curing {unknown}
 h - 2 potions of brilliance {unknown}

Dungeon Overview and Level Annotations

Branches:
Dungeon (2/15)

Altars:

▒▒▒▒▒▒ ▒....▒ ▒ ▒....▒ ▒
▒....▒▒▒▒ ▒▒▒▒▒▒ ▒........
▒....▒▒▒▒▒▒▒........
▒..m.......▒........
▒..S.▒▒▒▒▒.......... ▒▒▒▒▒▒▒
▒....▒▒▒▒▒▒.▒.▒▒.... ▒f....▒
▒....+.............. ▒'▒▒▒.▒
▒....▒▒▒▒▒▒...▒▒.... ▒†..▒.▒
▒....▒▒....▒..▒▒▒▒.▒
▒▒▒▒.▒.▒▒▒▒....▒▒....▒..▒▒▒▒.▒
▒▒f..P8f'.▒▒....▒▒....▒.......▒
▒▒▒._.▒▒▒▒▒........+....+........


You could see an adder.


Message History

You closely miss the adder.
The adder is moderately wounded.
The adder bites you but does no damage.
You closely miss the adder.
The adder is moderately wounded.
The adder closely misses you. The adder bites you.
* * * LOW HITPOINT WARNING * * *
You closely miss the adder.
The adder is moderately wounded.
The adder barely misses you. The adder bites you but does no damage.
Unknown command.
You hit the adder.
The adder is heavily wounded.
The adder closely misses you.
Unknown command.
You closely miss the adder.
The adder is heavily wounded.
The adder bites you.
* * * LOW HITPOINT WARNING * * *
You are lethally poisoned!
The adder poisons you! The adder bites you but does no damage.
You miss the adder.
The adder is heavily wounded.
* * * LOW HITPOINT WARNING * * *
You feel sick. The adder bites you.
You die...

Action                   || total
-------------------------++-------
Melee: Unarmed           ||    10
       Club              ||     7
 Cast: Pain              ||    37
Armor: Robe              ||     4
Dodge: Dodged            ||    22

Levels and vault maps discovered:
D:1:      minmay_arrival_four_houses, layout_basic,
          shapermc_ecumenical_altar_ellora, minmay_close_crescents
D:2:      layout_basic, serial_shops, shop, solitary_fountain,
          corexii_corridor_pit, minmay_divided_ellipse

Notes
Turn   | Place    | Note
-------+----------+-------------------------------------------
     0 | D:1      | sanka the Merfolk Necromancer began the quest for the Orb.
     0 | D:1      | Reached XP level 1. HP: 13/13 MP: 3/3
    54 | D:1      | Reached skill level 3 in Dodging
   294 | D:1      | Reached XP level 2. HP: 6/19 MP: 0/5
   689 | D:1      | Reached skill level 4 in Dodging
   949 | D:1      | Found a faded altar of an unknown god.
  1309 | D:1      | HP: 1/19 [poisoned by an adder]
  1309 | D:1      | Slain by an adder

Vanquished Creatures
  An orc (D:2)
  3 ball pythons
  An endoplasm (D:1)
  2 giant cockroaches (D:1)
  2 goblins (D:1)
  A hobgoblin (D:2)
  A kobold (D:1)
  A quokka (D:1)
  5 bats (D:1)
  2 rats (D:1)
19 creatures vanquished.
